 Dungeon Crawl Stone Soup version 0.19.1-1-g22dce08 (webtiles) character file.

2089 godfroggy the Purveyor of Pain (level 9, -14/68 HPs)
             Began as a Deep Dwarf Necromancer on Jan 8, 2017.
             Was an Initiate of Kikubaaqudgha.
             Shot with a sling bullet by Joseph (17 damage)
             ... on level 7 of the Dungeon.
             The game lasted 00:51:15 (8807 turns).

godfroggy the Purveyor of Pain (DDNe)               Turns: 8807, Time: 00:51:16

Health: -14/68     AC:  5    Str: 12    XL:     9   Next: 6%
Magic:  9/12       EV: 15    Int: 19    God:    Kikubaaqudgha [......]
Gold:   399        SH:  0    Dex: 13    Spells: 4 memorised, 3 levels left

rFire  . . .     SeeInvis .     q - +0 dagger (elec)
rCold  + . .     Gourm    .     a - +2 robe
rNeg   . . .     Faith    .     (no shield)
rPois  .         Spirit   .     (no helmet)
rElec  .         Reflect  .     (no cloak)
rCorr  .         Harm     +     r - +0 pair of gloves
MR     ++...                    (no boots)
Stlth  ++........               J - amulet of harm
                                j - ring of protection from cold
                                h - ring of protection from magic

@: non-regenerating
A: damage resistance, recharge devices, sense surroundings 2, slow regeneration
3
a: Device Recharging, Renounce Religion


You were on level 7 of the Dungeon.
You worshipped Kikubaaqudgha.
Kikubaaqudgha was noncommittal.
You were not hungry.

You visited 2 branches of the dungeon, and saw 8 of its levels.

You collected 399 gold pieces.

Inventory:

Hand Weapons
 f - a +0 whip
 q - a +0 dagger of electrocution (weapon)
 K - a +0 whip of draining
Armour
 a - a +2 robe (worn)
 r - a +0 pair of gloves (worn)
Jewellery
 h - a ring of protection from magic (left hand)
 j - a ring of protection from cold (right hand)
 k - a -3 ring of evasion
 J - an amulet of harm (around neck)
Wands
 c - a wand of heal wounds (6/9)
 o - a wand of flame (37/48)
 G - a wand of digging (15/24)
Scrolls
 t - 2 scrolls of remove curse
 x - a scroll of recharging
 y - 2 scrolls of noise
 D - a scroll of teleportation
 F - 2 scrolls of fog
 H - a scroll of identify
Potions
 e - 2 potions of agility {unknown}
 g - a potion of haste {unknown}
 p - 6 potions of curing {unknown}
 s - a potion of heal wounds {unknown}
 u - a potion of cure mutation {unknown}
 w - 2 potions of beneficial mutation {unknown}
 z - a potion of invisibility {unknown}
 A - a potion of magic {unknown}
 B - 3 potions of mutation {unknown}
 C - 2 potions of flight {unknown}
 E - a potion of degeneration {unknown}
Books
 b - a book of Necromancy

   Spells                             Type                      Level
   a - Pain                           Necromancy                   1
   b - Animate Skeleton               Necromancy                   1
   c - Vampiric Draining              Necromancy                   3
   d - Regeneration                   Charms/Necromancy            3
   e - Animate Dead                   Necromancy                   4
   f - Control Undead                 Necromancy                   4
 v - a book of Minor Magic

   Spells                             Type                      Level
   a - Magic Dart                     Conjuration                  1
   b - Blink                          Translocation                2
   c - Call Imp                       Summoning                    2
   d - Repel Missiles                 Charms/Air                   2
   e - Slow                           Hexes                        2
   f - Conjure Flame                  Conjuration/Fire             3
   g - Mephitic Cloud                 Conjuration/Poison/Air       3
Comestibles
 d - 7 bread rations
 i - 2 royal jellies
 l - 3 meat rations
 m - a slice of pizza
 n - a beef jerky
 I - 6 chunks of flesh


   Skills:
 * Level 7.6 Short Blades
 + Level 6.4 Dodging
 - Level 2.4 Stealth
 - Level 2.4 Spellcasting
 - Level 8.0 Necromancy


You had 3 spell levels left.
You knew the following spells:

 Your Spells              Type           Power        Failure   Level  Hunger
a - Pain                  Necr           ####         1%          1    #......
b - Vampiric Draining     Necr           ####......   1%          3    ###....
c - Animate Skeleton      Necr           N/A          1%          1    #......
d - Control Undead        Necr           ####......   8%          4    #####..


Dungeon Overview and Level Annotations

Branches:
Dungeon (7/15)             Temple (1/1) D:7

Altars:
Ashenzari
Cheibriados
Dithmenos
Elyvilon
Fedhas
Gozag
Hepliaklqana
Kikubaaqudgha
Makhleb
Nemelex Xobeh
Okawaru
Qazlal
Ru
Sif Muna
Trog
Uskayaw
Vehumet
Xom
Yredelemnul
Zin
The Shining One

Shops:
D:5 [

Annotations:
D:3 Grinder
D:7 Joseph


Innate Abilities, Weirdness & Mutations

You are resistant to damage.
You can recharge devices by infusing magical energy.
You passively map the area around you.
You do not regenerate.


Message History

The orc writhes in agony!
You kill the orc!
Kikubaaqudgha accepts your kill.
Joseph shoots a sling bullet.
The sling bullet barely misses you.
Joseph shoots a sling bullet.
The sling bullet hits you.
The orc priest invokes the aid of Beogh against you.
Beogh smites you!
* * * LOW HITPOINT WARNING * * *
You see here a sling bullet.
Joseph shoots a sling bullet.
The sling bullet hits you!
* * * LOW HITPOINT WARNING * * *
Things that are here:
a sling bullet; an orc corpse
Casting: Pain
Confirm with . or Enter, or press ? or * to list all spells.
You attempt to give life to the dead...
Before your eyes, flesh is ripped from the corpse!
The dead are walking!
Joseph shoots a sling bullet.
The sling bullet hits you!
You die...
Kikubaaqudgha rasps: "You have failed me!
Welcome... death!"

, #..###..###.#
#.#..####
###..##.......#
#.#....#
........#####o#
#H#.##.# ###..##.##
##o# #.#.##.#
#..###.###..###.#.##.#
##..# ##.........#.##.#
#...# ####(.#####Z##.#
#.#.#######o.#....>##.#
#.#(..Z@.(@o.#.######.#
#.#########(#...### #.#
#.# #.......###.## #.#
###...#...)).. #.#
##.######... #.# #..#
#### #.# ##.# #. #.#
#.# #####. #.# #.#
#.....


You could see Joseph, an orc warrior, an orc priest and a friendly orc skeleton.

Vanquished Creatures
  A hippogriff (D:7)
  A spriggan (D:7)
  2 orc warriors (D:6)
  A hornet zombie (D:5)
  An ogre (D:5)
  A phantom (D:5)
  2 centaurs (D:7)
  A bullfrog (D:6)
  2 scorpions
  A howler monkey (D:4)
  4 crimson imps
  A centaur zombie (D:7)
  2 bullfrog skeletons
  A hound (D:4)
  5 orc wizards
  2 centaur skeletons
  Ijyb (D:3)
  2 iguanas (D:4)
  Natasha (thrice) (D:2)
  5 worker ants
  Robin (D:2)
  13 adders
  4 gnolls
  An ooze (D:3)
  An adder zombie (D:6)
  A worm (D:3)
  4 dart slugs
  4 leopard geckos
  23 orcs
  7 giant cockroaches
  12 goblins
  6 hobgoblins
  6 bats
  4 frilled lizards
  7 kobolds
  A leopard gecko skeleton (D:6)
  5 rats
139 creatures vanquished.

Vanquished Creatures (collateral kills)
  A hungry ghost (D:7)
  An orc wizard (D:6)
  A leopard gecko (D:7)
  4 orcs
  A rat (D:3)
8 creatures vanquished.

Grand Total: 147 creatures vanquished

Notes
Turn   | Place    | Note
-------+----------+-------------------------------------------
     0 | D:1      | godfroggy the Deep Dwarf Necromancer began the quest for the Orb.
     0 | D:1      | Reached XP level 1. HP: 15/15 MP: 3/3
   350 | D:1      | Reached XP level 2. HP: 22/22 MP: 0/5
   795 | D:2      | Noticed Robin
  1027 | D:2      | Reached skill level 5 in Necromancy
  1102 | D:2      | Reached XP level 3. HP: 21/28 MP: 1/6
  1202 | D:2      | Killed Robin
  1513 | D:2      | Learned a level 3 spell: Vampiric Draining
  1930 | D:2      | Noticed Natasha
  1935 | D:2      | Killed Natasha
  1935 | D:2      | Reached skill level 6 in Necromancy
  1935 | D:2      | Reached XP level 4. HP: 30/36 MP: 3/7
  2127 | D:2      | Noticed Natasha
  2131 | D:2      | Killed Natasha
  2257 | D:2      | Noticed Natasha
  2259 | D:2      | Killed Natasha
  2259 | D:2      | Reached XP level 5. HP: 35/42 MP: 2/8
  2328 | D:2      | Learned a level 1 spell: Animate Skeleton
  2488 | D:3      | Reached skill level 7 in Necromancy
  2823 | D:3      | Noticed Ijyb
  2828 | D:3      | Killed Ijyb
  3186 | D:3      | Noticed Grinder
  3469 | D:3      | Reached XP level 6. HP: 42/49 MP: 3/9
  4028 | D:4      | Reached skill level 8 in Necromancy
  4293 | D:4      | Reached skill level 1 in Short Blades
  4300 | D:4      | Learned a level 4 spell: Control Undead
  4807 | D:4      | Reached XP level 7. HP: 47/55 MP: 10/10
  5218 | D:5      | Entered Level 5 of the Dungeon
  5404 | D:5      | Found Bucot's Armour Shoppe.
  6126 | D:5      | Found a blossoming altar of Fedhas.
  6685 | D:6      | Reached XP level 8. HP: 27/62 MP: 3/11
  6726 | D:6      | Reached skill level 5 in Short Blades
  7497 | D:7      | Noticed Joseph
  7511 | D:7      | Found a staircase to the Ecumenical Temple.
  7520 | Temple   | Entered the Ecumenical Temple
  7534 | Temple   | Became a worshipper of Kikubaaqudgha
  7916 | D:6      | Reached skill level 5 in Dodging
  8237 | D:7      | Noticed a hippogriff
  8287 | D:7      | Paralysed by fainting for 6 turns
  8324 | D:7      | Killed a hippogriff
  8610 | D:7      | Gained mutation: You passively map the area around you. [Deep Dwarf growth]
  8610 | D:7      | Reached XP level 9. HP: 28/68 MP: 10/12
  8806 | D:7      | HP: 3/68 [Joseph/sling bullet (15)]
  8807 | D:7      | Shot with a sling bullet by Joseph

Skill      XL: |  1  2  3  4  5  6  7  8 |
---------------+-------------------------+-----
Spellcasting   | 2 |  2.4
Necromancy     | 5 6 7 8 |  8.0
Short Blades   | 2 4 7 |  7.6
Dodging        | 4 6 |  6.4
Stealth        | |  2.4

Action                   |  1- 3 |  4- 6 |  7- 9 || total
-------------------------+-------+-------+-------++-------
Melee: Unarmed           |    50 |       |       ||    50
       Dagger            |       |    28 |    71 ||    99
 Cast: Pain              |    53 |   104 |    75 ||   232
       Vampiric Draining |       |    13 |    22 ||    35
       Animate Skeleton  |       |     8 |    10 ||    18
       Control Undead    |       |       |     5 ||     5
Evoke: Wand              |     1 |       |     2 ||     3
  Use: Scroll            |     6 |       |     7 ||    13
 Stab: Sleeping          |     3 |       |     1 ||     4
  Eat: Chunk             |     4 |    10 |    10 ||    24
       Fruit             |       |     1 |       ||     1
       Meat ration       |       |       |     1 ||     1
       Bread ration      |       |       |     1 ||     1
Armor: Robe              |    31 |    15 |    30 ||    76
Dodge: Dodged            |    48 |    38 |    68 ||   154
